 Dungeon Crawl Stone Soup version 0.25-a0-340-ga1faa1601d (webtiles) character file.

Game seed: 275003827446130679, levelgen mode: deterministic

19453 Fingolfin the Slinger (level 13, 27/83 HPs)
             Began as a Halfling Arcane Marksman on Dec 29, 2019.
             Was a Priest of Nemelex Xobeh.
             Starved to death
             ... on level 3 of the Lair of Beasts.
             The game lasted 00:54:44 (17606 turns).

Fingolfin the Slinger (Halfling Arcane Marksman)   Turns: 17606, Time: 00:54:45

Health: 27/83      AC: 17    Str: 15    XL:     13   Next: 4%
Magic:  17/19      EV: 12    Int: 14    God:    Nemelex Xobeh [***...]
Gold:   362        SH:  7    Dex: 16    Spells: 12/20 levels left

rFire    . . .     SeeInvis .   b - +2 rapier (elec)
rCold    . . .     Gourm    .   D - +0 buckler
rNeg     . . .     Faith    .   m - +1 chain mail
rPois    .         Spirit   +   (no helmet)
rElec    .         Reflect  .   x - scarf {Spirit}
rCorr    .         Harm     .   d - +2 pair of gloves
MR       .....                  (no boots)
Stlth    ..........             n - amulet of rage
HPRegen  0.23/turn              B - +3 ring of intelligence
MPRegen  0.16/turn              J - +3 ring of protection

@: fainting
A: small, mutation resistance 1
a: Draw Escape, Draw Destruction, Draw Summoning, Triple Draw, Renounce
Religion, Evoke Berserk Rage


You were on level 3 of the Lair of Beasts.
You worshipped Nemelex Xobeh.
Nemelex Xobeh was most pleased with you.
You were fainting.

You visited 3 branches of the dungeon, and saw 12 of its levels.

You collected 635 gold pieces.
You spent 273 gold pieces at shops.

Inventory:

Hand Weapons
 a - a +2 fustibalus of freezing
 b - a +2 rapier of electrocution (weapon)
 q - a +5 flail
Missiles
 c - 23 sling bullets
 h - 249 stones
 o - 5 datura-tipped darts
 p - 73 poisoned darts (quivered)
Armour
 d - a +2 pair of gloves (worn)
 m - a +1 chain mail (worn)
 x - a scarf of spirit shield (worn)
 D - a +0 buckler (worn)
Jewellery
 g - an uncursed ring of see invisible
 n - an amulet of rage (around neck)
 u - an uncursed ring of stealth
 y - an uncursed amulet of magic regeneration
 B - a +3 ring of intelligence (left hand)
 I - an uncursed ring of stealth
 J - a +3 ring of protection (right hand)
Scrolls
 f - 3 scrolls of teleportation
 j - 3 scrolls of magic mapping
 k - 4 scrolls of remove curse
 r - 2 scrolls of fog
 v - a scroll of identify
 w - a scroll of vulnerability
 C - a scroll of amnesia
 E - a scroll of blinking {unknown}
 F - a scroll of fear
 H - a scroll of immolation
Potions
 e - 4 potions of mutation
 i - a potion of might
 l - 2 potions of heal wounds
 s - 2 potions of haste
 t - 2 potions of brilliance
 z - a potion of invisibility


   Skills:
 - Level 6.1 Fighting
 - Level 6.2 Short Blades
 - Level 6.2 Maces & Flails
 + Level 9.1 Slings
 - Level 6.1 Armour
 - Level 6.0 Dodging
 - Level 6.0 Shields
 - Level 4.0 Spellcasting
 - Level 2.4 Hexes
 - Level 6.0 Necromancy
 - Level 8.8 Invocations
 - Level 6.2 Evocations


You had 12 spell levels left.
You knew the following spells:

 Your Spells              Type           Power        Failure   Level  Hunger
a - Corona                Hex            #......      77%         1    None
b - Animate Skeleton      Necr           N/A          26%         1    None
c - Portal Projectile     Hex/Tloc       #.....       99%         3    ###....
R - Regeneration          Chrm/Necr      ##........   95%         3    ###....

Your spell library contained the following spells:

 Spells                   Type           Power        Failure   Level  Hunger
 Pain                     Necr           ###.         26%         1    None
 Vampiric Draining        Necr           ###.......   63%         3    ###....
 Slow                     Hex            #.......     88%         2    ##.....
 Animate Dead             Necr           N/A          95%         4    ####...
 Inner Flame              Hex/Fire       #.......     99%         3    ###....
 Cause Fear               Hex            #.........   100%        4    ####...
 Leda's Liquefaction      Hex/Erth       #.........   100%        4    ####...


Dungeon Overview and Level Annotations

Branches:
Dungeon (8/15)             Temple (1/1) D:5            Lair (3/6) D:8
  Swamp: Lair:2-4    Shoals: Lair:2-4     Snake: Lair:2-4    Spider: Lair:2-4

Altars:
Ashenzari
Cheibriados
Dithmenos
Elyvilon
Fedhas
Gozag
Hepliaklqana
Kikubaaqudgha
Makhleb
Nemelex Xobeh
Okawaru
Qazlal
Ru
Sif Muna
Trog
Uskayaw
Vehumet
Wu Jian
Xom
Yredelemnul
Zin
The Shining One
Jiyva

Shops:
D:6 :!:


Innate Abilities, Weirdness & Mutations

You are small and have problems with some larger weapons.
You are somewhat resistant to further mutation.


Message History

You hit the six-headed hydra.
Lightning courses through the six-headed hydra!
You kill the six-headed hydra!
Your Slings skill increases to level 9!
You have reached level 13!
You now have enough gold to buy a book of Callings on D:6.
You can access your shopping list by pressing '$'.
You now have 362 gold pieces (gained 29).
You lose consciousness!
You can move again.
There is an escape hatch in the floor here.
You lose consciousness!
You can move again.
Found a stone staircase leading down.
Found a stone staircase leading down.
Found a rapier.
There is a stone staircase leading down here.
You have starved to death.
You die...
Your body glows slightly and disappears.

.....## #
.......##.
#.....#.# #......#
#### #P)....###
#.#. #P.....P#
##... #.....##
####.... #.@....##
#.#.....
##......##
#.......
##......###.......
###.....#........
##..........##.
##........##..
##........##.
###.........###
##............##


There were no monsters in sight!

Vanquished Creatures
  2 hydras (Lair:3)
  A queen ant (Lair:2)
  3 death yaks (Lair:2)
  2 black mambas (Lair:3)
  9 spiny frogs
  A rime drake (Lair:2)
  2 komodo dragons
  2 hippogriffs (Lair:2)
  4 spriggans (Lair:1)
  A redback (Lair:3)
  12 yaks
  2 basilisks
  A hungry ghost (D:8)
  6 water moccasins
  A soldier ant (Lair:2)
  10 porcupines
  4 orc warriors
  2 sky beasts
  7 ogres
  An ice beast (D:5)
  A black bear (Lair:1)
  2 phantoms
  5 centaurs
  5 crocodiles
  A big kobold (D:7)
  8 bullfrogs
  4 scorpions
  8 killer bees
  5 wights (D:8)
  A howler monkey (D:4)
  3 crimson imps
  3 jellies
  2 orc priests (D:7)
  7 orc wizards
  2 quasits
  6 hounds
  An iron imp (D:6)
  4 iguanas
  26 worker ants
  A killer bee zombie (D:8)
  A hound zombie (D:4)
  A worker ant zombie (D:8)
  4 gnolls (D:6)
  A river rat (D:2)
  9 adders
  4 shadow imps
  3 worms
  A dart slug (D:5)
  3 leopard geckos
  16 orcs
  9 bats
  7 giant cockroaches
  7 goblins
  5 hobgoblins
  7 jackals
  14 kobolds
  5 quokkas
  5 frilled lizards
  A leopard gecko zombie (D:8)
  A quokka skeleton (D:7)
  7 rats
  A plant (D:8)
280 creatures vanquished.

Vanquished Creatures (collateral kills)
  A hydra (Lair:1)
  A death yak (Lair:2)
  A spriggan (Lair:1)
  A water moccasin (Lair:3)
  A soldier ant (Lair:2)
  2 orc wizards (D:4)
7 creatures vanquished.

Vanquished Creatures (others)
  3 killer bees (D:7)
  A bush (D:8)
  19 fungi
  15 plants
38 creatures vanquished.

Grand Total: 325 creatures vanquished

Notes
Turn   | Place    | Note
-------+----------+-------------------------------------------
     0 | D:1      | Fingolfin the Halfling Arcane Marksman began the quest for
                  | the Orb.
     0 | D:1      | Reached XP level 1. HP: 12/12 MP: 2/2
     1 | D:1      | Found a white marble altar of Elyvilon.
    70 | D:1      | Reached skill level 1 in Fighting
   176 | D:1      | Reached XP level 2. HP: 19/19 MP: 3/3
   538 | D:1      | Found a sparkling altar of Nemelex Xobeh.
   543 | D:1      | Became a worshipper of Nemelex Xobeh the Trickster
   618 | D:1      | Received a gift from Nemelex Xobeh
   621 | D:1      | Reached XP level 3. HP: 24/24 MP: 4/4
   692 | D:2      | Reached skill level 1 in Invocations
  1122 | D:2      | Reached XP level 4. HP: 27/29 MP: 5/5
  2205 | D:2      | Noticed an ogre
  2217 | D:2      | Killed an ogre
  2217 | D:2      | Reached XP level 5. HP: 34/34 MP: 5/8
  2473 | D:2      | Found a shimmering blue altar of Sif Muna.
  2525 | D:3      | Found a blossoming altar of Fedhas.
  2544 | D:3      | Reached skill level 5 in Invocations
  2588 | D:3      | Received a gift from Nemelex Xobeh
  2667 | D:3      | Reached * piety under Nemelex Xobeh
  3049 | D:4      | Reached XP level 6. HP: 23/39 MP: 4/10
  3994 | D:4      | Reached skill level 4 in Slings
  4226 | D:4      | Reached XP level 7. HP: 41/45 MP: 11/11
  4270 | D:4      | Reached skill level 5 in Slings
  4410 | D:4      | Reached skill level 6 in Slings
  5179 | D:4      | Found a basalt altar of Yredelemnul.
  5193 | D:4      | Reached XP level 8. HP: 39/50 MP: 9/13
  5615 | D:5      | Entered Level 5 of the Dungeon
  5636 | D:5      | Found a staircase to the Ecumenical Temple.
  5666 | Temple   | Entered the Ecumenical Temple
  5777 | D:5      | Found a shattered altar of Ashenzari.
  5778 | D:5      | Found a sacrificial altar of Ru.
  5780 | D:5      | Found an ornate altar of the Wu Jian Council.
  5780 | D:5      | Reached ** piety under Nemelex Xobeh
  5780 | D:5      | Found a shimmering altar of Xom.
  5795 | D:5      | Found a stormy altar of Qazlal.
  5795 | D:5      | Found a glowing golden altar of the Shining One.
  5796 | D:5      | Found a hide-covered altar of Uskayaw.
  5843 | D:5      | Found a snail-covered altar of Cheibriados.
  5844 | D:5      | Found a bloodstained altar of Trog.
  5994 | D:5      | Reached skill level 1 in Evocations
  6468 | D:5      | Found a white marble altar of Elyvilon.
  6684 | D:6      | Reached XP level 9. HP: 52/54 MP: 8/15
  6749 | D:6      | Received a gift from Nemelex Xobeh
  6782 | D:6      | Reached skill level 5 in Evocations
  6789 | D:6      | HP: 1/54 [centaur (4)]
  7285 | D:6      | Found Myfyimie's Book Boutique.
  7317 | D:6      | Reached skill level 1 in Armour
  7496 | D:6      | Found Sare's Book Emporium.
  7593 | D:6      | Found a snail-covered altar of Cheibriados.
  7664 | D:6      | Found Gakhogit's Distillery.
  7667 | D:6      | Bought a potion of heal wounds for 65 gold pieces
  7667 | D:6      | Bought a potion of heal wounds for 65 gold pieces
  7667 | D:6      | Bought a potion of invisibility for 104 gold pieces
  7667 | D:6      | Bought a potion of curing for 39 gold pieces
  8443 | D:7      | Reached skill level 5 in Dodging
  8537 | D:7      | Reached XP level 10. HP: 60/60 MP: 16/16
  8673 | D:7      | Found a sacrificial altar of Ru.
  8686 | D:7      | Reached skill level 5 in Armour
  9285 | D:7      | Reached *** piety under Nemelex Xobeh
  9427 | D:7      | Found a glowing silver altar of Zin.
  9947 | D:8      | Found a sparkling altar of Nemelex Xobeh.
 10011 | D:8      | Learned a level 1 spell: Animate Skeleton
 10023 | D:8      | Learned a level 3 spell: Regeneration
 10027 | D:8      | Learned a level 3 spell: Portal Projectile
 10210 | D:8      | Received a gift from Nemelex Xobeh
 10244 | D:8      | Reached skill level 5 in Fighting
 10617 | D:8      | Reached skill level 1 in Maces & Flails
 10722 | D:8      | Found a staircase to the Lair.
 11115 | D:8      | Reached XP level 11. HP: 72/72 MP: 17/17
 11394 | Lair:1   | Entered Level 1 of the Lair of Beasts
 11664 | Lair:1   | Reached skill level 5 in Maces & Flails
 11682 | Lair:1   | Reached skill level 1 in Shields
 12430 | Lair:1   | Reached skill level 5 in Shields
 13311 | Lair:1   | Reached skill level 1 in Necromancy
 13566 | Lair:1   | You fall into a shaft and drop 1 floor!
 13742 | Lair:1   | Received a gift from Nemelex Xobeh
 13788 | Lair:1   | Noticed an eight-headed hydra
 13891 | Lair:1   | Killed an eight-headed hydra
 14362 | Lair:2   | Noticed a death yak
 14362 | Lair:2   | Noticed a death yak
 14363 | Lair:2   | Noticed a death yak
 14363 | Lair:2   | Noticed a death yak
 14376 | Lair:2   | Killed a death yak
 14387 | Lair:2   | Killed a death yak
 14387 | Lair:2   | Reached XP level 12. HP: 41/79 MP: 10/18
 14395 | Lair:2   | Killed a death yak
 14503 | Lair:2   | Reached skill level 5 in Short Blades
 16110 | Lair:2   | Noticed a queen ant
 16121 | Lair:2   | Killed a queen ant
 16215 | Lair:2   | Reached skill level 5 in Necromancy
 16245 | Lair:2   | Killed a death yak
 16259 | Lair:2   | Received a gift from Nemelex Xobeh
 17398 | Lair:3   | Reached skill level 7 in Slings
 17411 | Lair:3   | Noticed a six-headed hydra
 17419 | Lair:3   | Killed a six-headed hydra
 17419 | Lair:3   | Reached skill level 8 in Slings
 17487 | Lair:3   | Received a gift from Nemelex Xobeh
 17493 | Lair:3   | Noticed a six-headed hydra
 17507 | Lair:3   | Killed a six-headed hydra
 17507 | Lair:3   | Reached skill level 9 in Slings
 17507 | Lair:3   | Reached XP level 13. HP: 4/83 MP: 1/19
 17526 | Lair:3   | Paralysed by fainting for 11 turns
 17569 | Lair:3   | Paralysed by fainting for 10 turns
 17606 | Lair:3   | Starved to death

Levels and vault maps discovered:
D:1:      sevenhm_arrival_forest_fort_small_6, layout_basic, nrook_mini_vaults,
          kennysheep_decorative_pillar, nemelex_xobeh_ov_fountains_minmay
D:2:      layout_rooms, lemuel_coloured_pillars_altar, first_ration
D:3:      layout_rooms, fedhas_ov_isle_minmay
D:4:      minmay_recursive_quarters, layout_loops_cross, old_standard_altar,
          mrwooster_statue_mirror
D:5:      layout_gridville, grunt_temple_overflow_open,
          gammafunk_temple_overflow_statue, kennysheep_mini,
          minmay_temple_entry_butterflies
D:6:      layout_rooms, serial_shops, nicolae_shop_crystal,
          nicolae_shop_waterfront, kennysheep_mini_moat, chei_slow_surprise
D:7:      layout_basic, basic_altar, solitary_fountain, nicolae_ru_path_of_blood
D:8:      layout_loops_corners, lemuel_round_altar, minmay_lair_entry_grove
Temple:   pf_slimified_temple
Lair:1:   layout_roguey, chequers_serial_rivers_large_a, wad_woods_01
Lair:2:   layout_loops_ring, minmay_another_anthill, infiniplex_staircase_pool_2
Lair:3:   layout_hall_layers, spider_nest_entry_webs,
          chequers_serial_rivers_micro_c

Skill      XL: |  1  2  3  4  5  6  7  8  9 10 11 12 |
---------------+-------------------------------------+-----
Fighting       | 1 2 6 |  6.1
Invocations    | 2 4 5 6 7 8 |  8.8
Slings         | 4 6 9 |  9.1
Evocations     | 4 6 |  6.2
Armour         | 4 6 |  6.1
Dodging        | 5 6 |  6.0
Maces & Flails | 4 6 |  6.2
Shields        | 6 |  6.0
Necromancy     | 2 6 |  6.0
Short Blades   | 4 6 |  6.2
Spellcasting   | 2 4 |  4.0
Hexes          | |  2.4

Action                   |  1- 3 |  4- 6 |  7- 9 | 10-12 | 13-15 || total
-------------------------+-------+-------+-------+-------+-------++-------
Melee: Dagger            |    45 |       |       |       |       ||    45
       Short sword       |    60 |   181 |    56 |       |       ||   297
       Flail             |       |       |   272 |   356 |       ||   628
       Fustibalus        |       |       |       |     4 |       ||     4
       Rapier            |       |       |       |   303 |       ||   303
 Fire: Hunting sling     |    22 |    88 |   150 |       |       ||   260
       Fustibalus        |       |       |       |   113 |       ||   113
Throw: Stone             |       |     1 |       |       |       ||     1
 Cast: Animate Skeleton  |       |       |       |     4 |       ||     4
Invok: Triple Draw       |       |       |       |     1 |       ||     1
 Abil: Draw Destruction  |     4 |     5 |     4 |    17 |       ||    30
       Evoke Berserk Rag |       |     1 |    11 |    24 |       ||    36
       Draw Summoning    |       |       |     2 |     2 |       ||     4
       Draw Escape       |       |       |       |     1 |       ||     1
  Use: Scroll            |       |     7 |     5 |    13 |       ||    25
       Potion            |       |     3 |     1 |     4 |       ||     8
  Eat: Chunk             |       |     7 |    18 |    22 |       ||    47
       Ration            |       |     1 |     2 |     8 |       ||    11
Armor: Robe              |     1 |       |       |       |       ||     1
       Ring mail         |    29 |       |       |       |       ||    29
       Chain mail        |       |   193 |   193 |   263 |       ||   649
       Skin              |       |     4 |       |       |       ||     4
Dodge: Dodged            |    70 |   130 |   161 |   317 |       ||   678
Block: Buckler           |       |       |       |   161 |       ||   161

Table legend:
 A = Non-vault XP
 B = Vault XP
 C = Vault XP percentage of total XP
 D = Non-vault monster count
 E = Vault monster count
 F = Vault count percentage of total count
                 A         B        C        D         E       F
            +---------+---------+-------+---------+---------+-------
      Total |   22752 |    5038 |  18.1 |     242 |      47 |  16.3
            +---------+---------+-------+---------+---------+-------
        D:1 |      29 |       0 |   0.0 |      19 |       0 |   0.0
        D:2 |     231 |       0 |   0.0 |      31 |       0 |   0.0
        D:3 |       8 |       0 |   0.0 |       4 |       0 |   0.0
        D:4 |     623 |     172 |  21.6 |      25 |       4 |  13.8
        D:5 |     833 |       0 |   0.0 |      17 |       0 |   0.0
        D:6 |    1187 |      40 |   3.3 |      29 |       1 |   3.3
        D:7 |    1668 |       0 |   0.0 |      33 |       0 |   0.0
        D:8 |    1582 |    1760 |  52.7 |      31 |      12 |  27.9
     Lair:1 |    4795 |    1109 |  18.8 |      21 |       6 |  22.2
     Lair:2 |    8210 |    1746 |  17.5 |      24 |      23 |  48.9
     Lair:3 |    3586 |     211 |   5.6 |       8 |       1 |  11.1
            +---------+---------+-------+---------+---------+-------
